 Dungeon Crawl Stone Soup version 0.21-a0-227-g58a7c62 (webtiles) character file.

239 Monsterracer the Insei (level 5, -2/40 HPs)
             Began as a Draconian Transmuter on Aug 30, 2017.
             Was an Initiate of Wu Jian.
             Killed by nerve-wracking pain
             ... invoked by an orc priest
              (12 damage)
             ... on level 4 of the Dungeon.
             The game lasted 00:07:25 (3660 turns).

Monsterracer the Insei (Draconian Transmuter)       Turns: 3660, Time: 00:07:26

Health: -2/40      AC:  2    Str: 12    XL:     5   Next: 79%
Magic:  6/8        EV: 18    Int: 14    God:    Wu Jian [......]
Gold:   155        SH:  0    Dex: 17    Spells: 3/8 levels left

rFire    . . .     SeeInvis .     - Unarmed
rCold    + . .     Gourm    .   (shield currently unavailable)
rNeg     . . .     Faith    .   (armour unavailable)
rPois    x         Spirit   .   (helmet currently unavailable)
rElec    .         Reflect  .   (cloak currently unavailable)
rCorr    .         Harm     .   (gloves currently unavailable)
MR       .....                  (boots currently unavailable)
Stlth    ++........             (no amulet)
HPRegen  0.13/turn              l - ring of protection from cold
MPRegen  0.11/turn              n - ring of flight

@: spider-form (expiring)
A: unfitting armour, AC +5
a: End Transformation, Renounce Religion, Evoke Flight


You were on level 4 of the Dungeon.
You worshipped Wu Jian.
Wu Jian was noncommittal.
You were not hungry.
You were a venomous arachnid creature.
You visited 2 branches of the dungeon, and saw 5 of its levels.

You collected 155 gold pieces.

Inventory:

Missiles
 a - 54 arrows
Jewellery
 l - a ring of protection from cold (left front leg)
 n - a ring of flight (right front leg)
Wands
 i - a wand of iceblast (10/15)
Scrolls
 g - 2 scrolls of remove curse
 j - 8 scrolls of identify
Potions
 e - a potion of heal wounds
 k - 3 potions of haste
 q - 2 potions of magic
Books
 b - a book of Changes

   Spells                             Type                      Level
   a - Beastly Appendage              Transmutation                1
   b - Sticks to Snakes               Transmutation                2
   c - Spider Form                    Transmutation/Poison         3
   d - Ice Form                       Ice/Transmutation            4
   e - Blade Hands                    Transmutation                5
Comestibles
 c - 3 bread rations
 d - 2 royal jellies
 f - 4 fruits
 h - 2 meat rations


   Skills:
 - Level 1.1(0.5) Fighting
 - Level 1.7(0.8) Dodging
 * Level 4.9(2.4) Unarmed Combat
 - Level 2.0(1.0) Spellcasting
 * Level 4.6(2.3) Transmutations


You had 3 spell levels left.
You knew the following spells:

 Your Spells              Type           Power        Failure   Level  Hunger
b - Sticks to Snakes      Tmut           #.......     34%         2    ###....
c - Spider Form           Tmut/Pois      #.........   65%         3    ####...


Dungeon Overview and Level Annotations

Branches:
Dungeon (4/15)             Temple (1/1) D:4

Altars:
Ashenzari
Cheibriados
Elyvilon
Fedhas
Gozag
Hepliaklqana
Makhleb
Nemelex Xobeh
Okawaru
Qazlal
Ru
Sif Muna
Trog
Uskayaw
Vehumet
Wu Jian
Xom
Yredelemnul
Zin
The Shining One


Innate Abilities, Weirdness & Mutations

((Your plain brown scales are hard. (AC +5)))
You cannot fit into any form of body armour.
((You are cold-blooded and may be slowed by cold attacks.))


Message History

The orc wizard points at you and mumbles some strange words.
The puff of frost hits you! You resist.
* * * LOW HITPOINT WARNING * * *
Huge Dmg: -10%(-4hp) hp: 30%(12hp)
You closely miss the orc priest.
The orc priest is lightly wounded.
The orc wizard misses you.
The orc priest calls down the wrath of Beogh upon you.
Pain shoots through your body!
* * * LOW HITPOINT WARNING * * *
The orc priest misses you. The orc wizard closely misses you.
Damage: -5%(-2hp) hp: 25%(10hp) Unknown command.
You completely miss the orc priest.
The orc priest is moderately wounded.
You kill the orc priest!
The Council accepts your kill.
The orc priest mumbles some strange prayers to Beogh against you.
Pain shoots through your body!
You die...

##.....>,,,,,,**,,,**,*
*,*
........,.#.#.##*#.##,*
*,*
........,.......,...#,*
*,*
########*#....>.*#..#,*
*<*
******#......*#..#.#
*,*
###*,,,,,.......*#..#.#
*,*
..#*,****#......*#..#.#
*,*
#.#*,****#.....o##..#.#
*,*
#.#*,*,,,.....r†s.....#
*,*
#.#*,*,**###..#o###...#
*,* ..#*,*,* #,*#r*
#...# *,* #.#*,*,*
*,*#.* #.<.#######,*
##..,,,* *,*#.*
#..........,*
.###.#******,*#.*
#.#.########*
...##..,,,,,,,..*
#.#.÷......##
.⌠..#*##****,*##*
#.########..# ....# *,*
#.### ##.#


You could see an orc priest, an orc wizard and 2 quokkas.

Vanquished Creatures
  An orc priest (D:4)
  A bullfrog skeleton (D:4)
  Ijyb (D:2)
  An orc wizard (D:3)
  A hound skeleton (D:4)
  2 adders (D:3)
  An ooze (D:2)
  2 worms
  2 dart slugs (D:3)
  3 leopard geckos
  7 orcs
  3 ball pythons
  5 giant cockroaches
  4 hobgoblins
  6 jackals
  2 quokkas
  9 bats
  6 frilled lizards
  15 goblins
  4 kobolds
  5 rats
81 creatures vanquished.

Vanquished Creatures (collateral kills)
  A kobold (D:3)
1 creature vanquished.

Grand Total: 82 creatures vanquished

Notes
Turn   | Place    | Note
-------+----------+-------------------------------------------
     0 | D:1      | Monsterracer the Draconian Transmuter began the quest for the Orb.
     0 | D:1      | Reached XP level 1. HP: 16/16 MP: 3/3
   186 | D:1      | HP: 8/16 [hobgoblin/club (4)]
   208 | D:1      | Reached XP level 2. HP: 13/23 MP: 3/5
   213 | D:1      | Learned a level 2 spell: Sticks to Snakes
   978 | D:2      | Found a white marble altar of Elyvilon.
  1095 | D:2      | Reached XP level 3. HP: 27/28 MP: 6/6
  1100 | D:2      | Learned a level 3 spell: Spider Form
  1324 | D:2      | Noticed Ijyb
  1341 | D:2      | HP: 13/28 [goblin/hand axe (4)]
  1346 | D:2      | HP: 9/28 [poisoned by miscasting Spider Form (residual poison)]
  1351 | D:2      | HP: 7/28 [poisoned by miscasting Spider Form (residual poison)]
  1383 | D:2      | HP: 14/28 [goblin/hand axe (1)]
  1387 | D:2      | HP: 6/28 [Ijyb/club (6)]
  1393 | D:2      | HP: 14/28 [Ijyb/club (4)]
  1398 | D:2      | HP: 11/28 [Ijyb/club (3)]
  1403 | D:2      | HP: 10/28 [Ijyb/club (1)]
  1405 | D:2      | Killed Ijyb
  1412 | D:2      | HP: 9/28 [goblin (2)]
  1679 | D:2      | Reached XP level 4. HP: 34/35 MP: 7/7
  2044 | D:3      | Found a shattered altar of Ashenzari.
  2106 | D:3      | Found a faded altar of an unknown god.
  2123 | D:3      | Became a worshipper of Ashenzari the Shackled
  2123 | D:3      | Reached * piety under Ashenzari
  2125 | D:3      | Fell from the grace of Ashenzari
  2460 | D:3      | Reached XP level 5. HP: 28/40 MP: 3/8
  2611 | D:3      | Found a hazy altar of Hepliaklqana.
  3047 | D:4      | Found a sparkling altar of Nemelex Xobeh.
  3047 | D:4      | Found a basalt altar of Yredelemnul.
  3103 | D:4      | Found a staircase to the Ecumenical Temple.
  3112 | Temple   | Entered the Ecumenical Temple
  3184 | Temple   | Became a worshipper of the Wu Jian Council
  3657 | D:4      | HP: 16/40 [orc wizard/magic dart (6)]
  3660 | D:4      | Killed from afar by an orc priest

Vault maps used:
D:1:      dpeg_arrival_snail, roderic_lattice_a
D:2:      kennysheep_the_goblin_king, corner_web_ring, elyvilon_altar_5
D:3:      lemuel_doored_altar, lemuel_round_altar, first_bread,
          chequers_ecumenical_altar_simple_redux, kennysheep_generic_room_11
D:4:      gammafunk_temple_overflow_pools, minmay_temple_entry_statues_fountains
Temple:   eino_temple_scatter_basement

Skill      XL: |  1  2  3  4 |
---------------+-------------+-----
Unarmed Combat | 4 |  4.9
Transmutations | 3 4 |  4.6
Fighting       | |  1.1
Dodging        | |  1.7
Spellcasting   | |  2.0

Action                   |  1- 3 |  4- 6 || total
-------------------------+-------+-------++-------
Melee: Unarmed           |   164 |   194 ||   358
       Headbutt          |     4 |       ||     4
       Punch             |     1 |     1 ||     2
       Tailslap          |    10 |    17 ||    27
       Kick              |     4 |     2 ||     6
 Cast: Beastly Appendage |     8 |     3 ||    11
       Spider Form       |       |     5 ||     5
       Sticks to Snakes  |       |     1 ||     1
Invok: Renounce Religion |       |     1 ||     1
 Abil: End Transformatio |       |     1 ||     1
  Use: Potion            |     3 |       ||     3
       Scroll            |       |    11 ||    11
 Stab: Sleeping          |       |     2 ||     2
  Eat: Chunk             |     3 |     8 ||    11
Armor: Skin              |    49 |    67 ||   116
Dodge: Dodged            |    86 |   110 ||   196

Table legend:
 A = Spawn XP
 B = Non-spawn XP
 C = Spawn XP percentage of total XP
 D = Spawn monster count
 E = Non-spawn monster count
 F = Spawn count percentage of total count
 G = Total turns spent on level
                    A         B        C        D         E        F      G
               +---------+---------+-------+---------+---------+-------+---------
         Total |      18 |     324 |   5.3 |      12 |      70 |  14.6 |  3660
               +---------+---------+-------+---------+---------+-------+---------
           D:1 |       5 |      22 |  18.5 |       4 |      13 |  23.5 |   976
           D:2 |       7 |      79 |   8.1 |       4 |      22 |  15.4 |  1019
           D:3 |       6 |     114 |   5.0 |       4 |      28 |  12.5 |  1014
           D:4 |       0 |     109 |   0.0 |       0 |       7 |   0.0 |   469
               +---------+---------+-------+---------+---------+-------+---------
